 Dungeon Crawl Stone Soup version 0.27.1-2-g3b301248ec (webtiles) character file.

Game seed: 6724002322292040985

152 Rickety the Skirmisher (level 5, -2/33 HPs)
             Began as a Gargoyle Fighter on Sept 22, 2021.
             Slain by an orc (5 damage)
             ... on level 3 of the Dungeon.
             The game lasted 00:04:02 (3345 turns).

Rickety the Skirmisher (Gargoyle Fighter)           Turns: 3345, Time: 00:04:03

Health: -2/33      AC: 13    Str: 21    XL:     5   Next: 34%
Magic:  5/5        EV:  7    Int:  8    God:
Gold:   148        SH:  9    Dex:  9    Spells: 4/4 levels left

rFire    + . .     SeeInvis .   a - +0 flail
rCold    + . .     Faith    .   c - +0 kite shield
rNeg     + . .     Spirit   .   b - +0 scale mail
rPois    ∞         Reflect  .   (no helmet)
rElec    +         Harm     .   g - +0 cloak
rCorr    +         Rampage  .   (no gloves)
Will     .....                  e - +0 pair of boots
Stlth    ..........             (no amulet)
HPRegen  0.11/turn              (no ring)
MPRegen  0.09/turn              (no ring)

@: resistant
A: sickness immunity, AC +4, negative energy resistance 1, electricity
resistance, torment resistance 1, petrification resistance
a: no special abilities


You were on level 3 of the Dungeon.
You visited 1 branch of the dungeon, and saw 3 of its levels.

You collected 148 gold pieces.

Inventory:

Hand Weapons
 a - a +0 flail (weapon)
Missiles
 h - 18 poisoned darts (quivered)
Armour
 b - a +0 scale mail (worn)
 c - a +0 kite shield (worn)
 e - a +0 pair of boots (worn)
 g - a +0 cloak (worn)
Wands
 m - a wand of polymorph (7)
Scrolls
 i - 2 scrolls of identify {unknown}
 j - a scroll of enchant weapon {unknown}
 l - 5 scrolls of teleportation {unknown}
 n - a scroll of silence {unknown}
 o - a scroll of magic mapping {unknown}
 p - a scroll of noise {unknown}
Potions
 d - 3 potions of might
 k - a potion of invisibility {unknown}


   Skills:
 + Level 4.2 Fighting
 + Level 4.0 Maces & Flails
 + Level 3.7 Armour
 + Level 0.3 Dodging
 + Level 3.7 Shields
 + Level 0.2 Evocations


You had 4 spell levels left.
You didn't know any spells.
Your spell library was empty.

Dungeon Overview and Level Annotations

Branches:
Dungeon (3/15)

Altars:


Innate Abilities, Weirdness & Mutations

You are immune to sickness and miasma.
Your stone body is resilient. (AC +4)
You are immune to poison.
You resist negative energy. (rN+)
You are resistant to electric shocks. (rElec)
You are resistant to unholy torment.
You are immune to petrification.


Message History

The hobgoblin hits you.
The quokka moves out of view.
You hit the orc wizard but do no damage.
The orc wizard is almost dead.
The orc barely misses you.
The orc wizard hits you with a +0 dagger.
The hobgoblin hits you but does no damage.
The orc hits you with a +0 flail.
You barely miss the orc wizard.
The orc wizard is almost dead.
The orc wizard gestures at you while chanting.
You resist with some effort. The hobgoblin hits you.
The orc hits you but does no damage. The orc hits you with a +0 flail.
The orc wizard casts a spell at you. The magic dart hits you.
You block the hobgoblin's attack. The orc hits you with a +0 dagger.
You thump the orc wizard!
You kill the orc wizard!
The orc completely misses you. The hobgoblin hits you.
The orc barely misses you.
The orc wizard hits you but does no damage.
Your Maces & Flails skill increases to level 4!
You barely miss the orc wizard. The orc hits you with a +0 flail.
* * * LOW HITPOINT WARNING * * *
You block the hobgoblin's attack. The orc hits you but does no damage.
The orc wizard hits you but does no damage.
The orc hits you but does no damage.
Unknown command.
You thump the orc wizard!
The orc wizard is heavily wounded.
The hobgoblin closely misses you. You block the orc's attack.
The orc wizard hits you but does no damage.
You block the orc's attack. The hobgoblin hits you.
* * * LOW HITPOINT WARNING * * *
The orc hits you with a +0 dagger.
* * * LOW HITPOINT WARNING * * *
The orc wizard hits you but does no damage.
It was a potion of resistance.
You feel protected. The orc hits you with a +0 flail.
You die...

#...# #######.##.#
##.#####.......#
#..#.....#######
#..#......##
######..........####
...................#
.................###
..#.##.........o.#
#... #........wo@#
##. .........rgo# #
............##
.#.......^.<..#
#............#
.............
...............
.........≈....≈
..........o....


You could see an orc wizard, a dart slug, 2 orcs, a quokka and a hobgoblin.

Vanquished Creatures
  An orc wizard (D:3)
  An adder (D:2)
  6 gnolls (D:2)
  2 worms (D:2)
  5 endoplasms
  A giant cockroach (D:2)
  2 goblins
  9 hobgoblins
  3 jackals (D:1)
  A quokka (D:1)
  A ball python (D:1)
  4 bats
  4 frilled lizards
  8 kobolds
  9 rats
57 creatures vanquished.

Vanquished Creatures (others)
  4 fungi (D:3)
  6 plants (D:3)
10 creatures vanquished.

Grand Total: 67 creatures vanquished

Notes
Turn   | Place    | Note
-------+----------+-------------------------------------------
     0 | D:1      | Rickety the Gargoyle Fighter began the quest for the Orb.
     0 | D:1      | Reached XP level 1. HP: 14/14 MP: 1/1
   491 | D:1      | Reached XP level 2. HP: 19/19 MP: 2/2
   958 | D:1      | Reached XP level 3. HP: 22/23 MP: 3/3
  2305 | D:2      | Reached XP level 4. HP: 26/29 MP: 4/4
  2727 | D:2      | Reached XP level 5. HP: 33/33 MP: 5/5
  3345 | D:3      | Slain by an orc

Illustrated notes

Levels and vault maps discovered:
D:1:      dpeg_arrival_refuge, layout_basic, kennysheep_another_room
D:2:      layout_basic
D:3:      layout_rooms, grunt_temple_overflow_holy_war, tgw_fedhas,
          shapermc_ecumenical_altar_petra, hangedman_decor_riveting,
          skrybe_limestone_x

Skill      XL: |  1  2  3  4  5 |
---------------+----------------+-----
Maces & Flails | 3 4 |  4.0
Fighting       | 4 |  4.2
Armour         | |  3.7
Dodging        | |  0.3
Shields        | |  3.7
Evocations     | |  0.2

Action                   |  1- 3 |  4- 6 || total
-------------------------+-------+-------++-------
Melee: Flail             |   104 |    85 ||   189
Evoke: Wand              |     1 |       ||     1
  Use: Potion            |       |     1 ||     1
Armor: Scale mail        |    80 |    57 ||   137
Dodge: Dodged            |    33 |    26 ||    59
Block: Kite shield       |    57 |    35 ||    92
